 Dungeon Crawl Stone Soup version 0.27.0-1-g7a089689b8 (webtiles) character file.

Game seed: 10077210208704961272

1091 ZombieSheep the Skirmisher (level 8, -8/67 HPs)
             Began as a Gnoll Wanderer on Aug 6, 2021.
             Was a Follower of Uskayaw.
             Mangled by a hornet (12 damage)
             ... on level 7 of the Dungeon.
             The game lasted 00:14:48 (6800 turns).

ZombieSheep the Skirmisher (Gnoll Wanderer)         Turns: 6800, Time: 00:14:48

Health: -8/67      AC: 10    Str: 16    XL:     8   Next: 31%
Magic:  12/12      EV: 11    Int: 18    God:    Uskayaw [*.....]
Gold:   165        SH:  0    Dex:  5    Spells: 13/13 levels left

rFire    . . .     SeeInvis +   q - +2 whip of Brawling {venom, rElec SInv}
rCold    . . .     Faith    .   (no shield)
rNeg     . . .     Spirit   .   j - +0 ring mail
rPois    .         Reflect  .   e - +0 helmet
rElec    +         Harm     .   v - +0 cloak
rCorr    .         Rampage  .   l - +0 pair of gloves
Will     +++..                  g - +0 pair of boots
Stlth    +++.......             (no amulet)
HPRegen  0.21/turn              o - ring of the Lily {+Blink Will+++ Str+6 Dex-4 Stlth+}
MPRegen  0.13/turn              (no ring)

@: mighty, lethally poisoned (-8 -> -11), slowed, very slow
A: fangs 1, strong nose, distributed training
a: Renounce Religion, Evoke Blink, Stomp


You were on level 7 of the Dungeon.
You worshipped Uskayaw.
Uskayaw was noncommittal.
You visited 1 branch of the dungeon, and saw 7 of its levels.

You collected 255 gold pieces.
You spent 90 gold pieces at shops.

Inventory:

Hand Weapons
 a - a +3 quarterstaff
 p - a +1 long sword of draining
 q - the +2 whip of Brawling (weapon) {venom, rElec SInv}
   (You found it on level 5 of the Dungeon)

   It poisons the flesh of those it strikes.
   rElec:     It insulates you from electricity.
   SInv:      It lets you see invisible.
 t - a +1 short sword of venom
Missiles
 f - 43 poisoned darts (quivered)
Armour
 e - a +0 helmet (worn)
 g - a +0 pair of boots (worn)
 j - a +0 ring mail (worn)
 l - a +0 pair of gloves (worn)
 u - a +0 scale mail
 v - a +0 cloak (worn)
Jewellery
 o - the ring of the Lily (left hand) {+Blink Will+++ Str+6 Dex-4 Stlth+}
   (You found it on level 4 of the Dungeon)

   [ring of strength]

   Str:       It affects your strength (+6).
   Dex:       It affects your dexterity (-4).
   +Blink:    It lets you blink.
   Will:      It greatly increases your willpower.
   Stlth:     It makes you more stealthy.
 y - a ring of fire
Scrolls
 b - 2 scrolls of teleportation
 k - a scroll of amnesia
 r - 2 scrolls of immolation
 w - a scroll of fear
 x - a scroll of fog
 z - a scroll of summoning
 A - a scroll of identify
Potions
 c - 2 potions of curing
 d - a potion of magic
 i - 3 potions of attraction
 m - a potion of haste
 n - a potion of lignification


   Skills:
 + Level 7.3 Fighting
 + Level 4.1 Short Blades
 + Level 3.1 Long Blades
 + Level 3.1 Axes
 + Level 3.1 Maces & Flails
 + Level 3.1 Polearms
 + Level 4.1 Staves
 + Level 3.1 Slings
 + Level 3.1 Bows
 + Level 3.1 Crossbows
 + Level 4.1 Throwing
 + Level 3.1 Armour
 + Level 4.1 Dodging
 + Level 6.8 Stealth
 + Level 3.1 Shields
 + Level 3.1 Unarmed Combat
 + Level 3.1 Spellcasting
 + Level 2.5 Conjurations
 + Level 2.5 Hexes
 + Level 2.5 Summonings
 + Level 2.5 Necromancy
 + Level 2.5 Translocations
 + Level 2.5 Transmutations
 + Level 2.5 Fire Magic
 + Level 2.5 Ice Magic
 + Level 2.5 Air Magic
 + Level 2.5 Earth Magic
 + Level 2.5 Poison Magic
 + Level 3.5 Invocations
 + Level 3.1 Evocations


You had 13 spell levels left.
You didn't know any spells.
Your spell library contained the following spells:

 Spells                   Type           Power      Damage    Failure   Level
 Beastly Appendage        Tmut           24%        N/A       11%         1
 Wereblood                Tmut           12%        N/A       16%         2
 Spider Form              Tmut/Pois      6%         N/A       30%         3
 Animate Dead             Necr           6%         N/A       71%         4
 Haunt                    Necr/Summ      6%         N/A       100%        7
 Infestation              Necr           6%         N/A       100%        8


Dungeon Overview and Level Annotations

Branches:
Dungeon (7/15)             Temple (0/1) D:6

Altars:
Ashenzari
Dithmenos
Gozag
Kikubaaqudgha
Makhleb
Qazlal
Sif Muna
Uskayaw
Wu Jian
Yredelemnul
Zin
The Shining One

Shops:
D:3 *!(   D:6 *

Annotations:
D:3 1 runed translucent door, whendricso's ghost, amateur DjGl


Innate Abilities, Weirdness & Mutations

You have very sharp teeth.
Your uncanny sense of smell can sniff out nearby items.
Your experience applies equally to all skills.


Message History

Throw: 46 darts (poison)
Press: ? - help, Q - select action, (/) - cycle Shift-Dir - straight line, f/p - hornet
Aim: a hornet (42% to hit)
You throw a poisoned dart. The poisoned dart misses the hornet.
Throw: 45 darts (poison)
Press: ? - help, Q - select action, (/) - cycle Shift-Dir - straight line, f/p - hornet
Aim: a hornet (42% to hit)
You throw a poisoned dart.
The poisoned dart closely misses the hornet.
Throw: 44 darts (poison)
Press: ? - help, Q - select action, (/) - cycle Shift-Dir - straight line, f/p - hornet
Aim: a hornet (42% to hit)
You throw a poisoned dart.
The poisoned dart barely misses the hornet.
The hornet stings you but does no damage.
You feel very mighty all of a sudden. The hornet completely misses you.
The hornet stings you.
You are poisoned.
You feel yourself slow down.
You hit the hornet but do no damage.
You feel very sick.
The hornet stings you but does no damage.
The hornet stings you!
You feel as though you will be slow longer.
You miss the hornet. Your punch misses the hornet.
You feel very sick. The hornet stings you!
You feel as though you will be slow longer.
The hornet stings you!
You feel as though you will be slow longer.
You miss the hornet.
You feel sick. The hornet stings you!
* * * LOW HITPOINT WARNING * * *
You feel as though you will be slow longer.
The hornet stings you!
* * * LOW HITPOINT WARNING * * *
You feel as though you will be slow longer.
You barely miss the hornet.
* * * LOW HITPOINT WARNING * * *
You feel sick. The hornet stings you!
You die...

≈≈...≈♣.##........
♣≈..≈≈#.##...<...<
≈≈....#.##.(>.....
P♣.....)##........
#...#....#........
..>....[.)........ .
.......[[.........(..
........<...####..$..
............@y((.....
..........##.........
#........###.......<.
####..#... #...####.#
#.....## ###... .
#.....# .... #.....
##... ..... ##.


You could see a hornet.

Vanquished Creatures
  Eustachio (D:6)
  An orc warrior (D:7)
  A phantom (D:6)
  A kobold brigand (D:4)
  3 scorpions
  A howler monkey (D:5)
  An orc priest (D:7)
  3 hounds
  A bullfrog skeleton (D:5)
  An iguana (D:4)
  3 orc wizards
  A hound skeleton (D:5)
  7 adders
  5 gnolls (D:3)
  A white imp (D:7)
  2 worms (D:2)
  5 dart slugs
  17 orcs
  11 endoplasms
  A giant cockroach (D:3)
  7 goblins
  6 hobgoblins
  7 jackals
  11 kobolds
  3 quokkas
  3 ball pythons
  2 bats
  4 frilled lizards
  6 rats
116 creatures vanquished.

Vanquished Creatures (others)
  7 plants
7 creatures vanquished.

Grand Total: 123 creatures vanquished

Notes
Turn   | Place    | Note
-------+----------+-------------------------------------------
     0 | D:1      | ZombieSheep the Gnoll Wanderer began the quest for the Orb.
     0 | D:1      | ZombieSheep set off with the following items: a +2
                  | quarterstaff, a scroll of teleportation, a potion of
                  | curing, a +0 robe, a +0 dagger
     0 | D:1      | Reached XP level 1. HP: 23/23 MP: 1/1
   429 | D:1      | Reached XP level 2. HP: 29/29 MP: 2/2
  1127 | D:2      | Reached XP level 3. HP: 32/35 MP: 3/3
  1324 | D:2      | Found a stormy altar of Qazlal.
  1344 | D:2      | Reached skill level 1 in Invocations
  1938 | D:2      | Reached skill level 1 in Long Blades
  1938 | D:2      | Reached skill level 1 in Axes
  1938 | D:2      | Reached skill level 1 in Maces & Flails
  1938 | D:2      | Reached skill level 1 in Polearms
  1938 | D:2      | Reached skill level 1 in Slings
  1938 | D:2      | Reached skill level 1 in Bows
  1938 | D:2      | Reached skill level 1 in Crossbows
  1938 | D:2      | Reached skill level 1 in Armour
  1938 | D:2      | Reached skill level 1 in Shields
  1938 | D:2      | Reached skill level 1 in Unarmed Combat
  1938 | D:2      | Reached skill level 1 in Spellcasting
  1938 | D:2      | Reached skill level 1 in Evocations
  2024 | D:2      | Reached XP level 4. HP: 41/41 MP: 5/5
  2124 | D:3      | Found Luadd's Antique Weapon Boutique.
  2174 | D:3      | Found a faded altar of an unknown god.
  2181 | D:3      | Became a worshipper of Uskayaw the Reveller
  2181 | D:3      | Reached * piety under Uskayaw
  2271 | D:3      | Reached ** piety under Uskayaw
  2280 | D:3      | Reached *** piety under Uskayaw
  2281 | D:3      | Reached skill level 1 in Conjurations
  2281 | D:3      | Reached skill level 1 in Hexes
  2281 | D:3      | Reached skill level 1 in Summonings
  2281 | D:3      | Reached skill level 1 in Necromancy
  2281 | D:3      | Reached skill level 1 in Translocations
  2281 | D:3      | Reached skill level 1 in Transmutations
  2281 | D:3      | Reached skill level 1 in Fire Magic
  2281 | D:3      | Reached skill level 1 in Ice Magic
  2281 | D:3      | Reached skill level 1 in Air Magic
  2281 | D:3      | Reached skill level 1 in Earth Magic
  2281 | D:3      | Reached skill level 1 in Poison Magic
  2462 | D:3      | Found Arri Tewn's General Store.
  2555 | D:3      | Found a runed translucent door.
  2661 | D:3      | Found Xogha's Distillery.
  2671 | D:3      | Reached XP level 5. HP: 37/47 MP: 2/6
  2683 | D:3      | Noticed whendricso's ghost (amateur DjGl)
  2872 | D:3      | Bought a potion of might for 40 gold pieces
  2872 | D:3      | Bought a potion of heal wounds for 50 gold pieces
  3009 | D:3      | Found a glowing golden altar of the Shining One.
  3011 | D:3      | Noticed an angel
  3016 | D:3      | Found a basalt altar of Yredelemnul.
  3018 | D:3      | Noticed a profane servitor
  3060 | D:3      | Found a broken altar of Ashenzari.
  3486 | D:4      | Found an opulent altar of Gozag.
  3564 | D:4      | Noticed a kobold brigand
  3581 | D:4      | Killed a kobold brigand
  3581 | D:4      | Reached **** piety under Uskayaw
  3582 | D:4      | Reached XP level 6. HP: 35/53 MP: 8/8
  3884 | D:4      | Identified the ring of the Lily {+Blink Will+++ Str+6 Dex-4
                  | Stlth+}
  3910 | D:4      | Found a shimmering blue altar of Sif Muna.
  4276 | D:5      | Entered Level 5 of the Dungeon
  4502 | D:4      | Reached XP level 7. HP: 18/59 MP: 6/10
  4730 | D:5      | Found an ancient bone altar of Kikubaaqudgha.
  4734 | D:5      | Identified the +2 whip of Brawling {venom, rElec SInv}
  4859 | D:5      | Reached skill level 7 in Fighting
  5383 | D:6      | Found Ylumueth's Elemental Accessories.
  5535 | D:6      | Noticed Eustachio
  5553 | D:6      | Killed Eustachio
  5629 | D:6      | Found a burning altar of Makhleb.
  5670 | D:6      | Found a staircase to the Ecumenical Temple.
  5821 | D:6      | Found a shadowy altar of Dithmenos.
  5852 | D:6      | Reached XP level 8. HP: 42/67 MP: 12/12
  6026 | D:6      | Found an ornate altar of the Wu Jian Council.
  6160 | D:6      | Found a glowing silver altar of Zin.
  6790 | D:7      | Noticed a hornet
  6800 | D:7      | Mangled by a hornet

Illustrated notes

Levels and vault maps discovered:
D:1:      scummos_arrival_simple_crosswalls, layout_basic
D:2:      layout_loops_corners, basic_altar, kennysheep_generic_room_9
D:3:      layout_rooms, grunt_temple_overflow_holy_war, marbit_many_paths,
          ebering_ghost_sewer_d, basic_ecumenical_altar, serial_shops,
          nicolae_shop_overgrown_old_shop, shop, nicolae_shop_waterfront,
          chequers_big_river, minmay_randomly_rotated_circles
D:4:      layout_loops_ring, mainiacjoe_overflow_chevrons, old_standard_altar
D:5:      layout_cave_pools, mainiacjoe_overflow_brackets
D:6:      layout_loops_ring, mainiacjoe_overflow_surrounded_room,
          mainiacjoe_overflow_alcove_2, overflow_temple_1_default,
          grunt_dithmenos_shadows, minmay_temple_entry_junction, nrook_uturn,
          nicolae_elemental_shop, nicolae_underground_beach, uniq_eustachio
D:7:      layout_rooms, serial_bayou, serial_bayou_pond_b, serial_bayou_ford_a,
          serial_bayou_shore_a, serial_bayou_pond_e

Skill      XL: |  1  2  3  4  5  6  7  8 |
---------------+-------------------------+-----
Stealth        | 6 |  6.8
Invocations    | 1 2 3 |  3.5
Long Blades    | 1 2 3 |  3.1
Axes           | 1 2 3 |  3.1
Maces & Flails | 1 2 3 |  3.1
Polearms       | 1 2 3 |  3.1
Slings         | 1 2 3 |  3.1
Bows           | 1 2 3 |  3.1
Crossbows      | 1 2 3 |  3.1
Armour         | 1 2 3 |  3.1
Shields        | 1 2 3 |  3.1
Unarmed Combat | 1 2 3 |  3.1
Spellcasting   | 1 2 3 |  3.1
Evocations     | 1 2 3 |  3.1
Conjurations   | 1 2 |  2.5
Hexes          | 1 2 |  2.5
Summonings     | 1 2 |  2.5
Necromancy     | 1 2 |  2.5
Translocations | 1 2 |  2.5
Transmutations | 1 2 |  2.5
Fire Magic     | 1 2 |  2.5
Ice Magic      | 1 2 |  2.5
Air Magic      | 1 2 |  2.5
Earth Magic    | 1 2 |  2.5
Poison Magic   | 1 2 |  2.5
Short Blades   | 3 4 |  4.1
Staves         | 3 4 |  4.1
Throwing       | 3 4 |  4.1
Dodging        | 3 4 |  4.1
Fighting       | 7 |  7.3

Action                   |  1- 3 |  4- 6 |  7- 9 || total
-------------------------+-------+-------+-------++-------
Melee: Quarterstaff      |    82 |   128 |     4 ||   214
       Bite              |     3 |     9 |    10 ||    22
       Whip              |       |       |   138 ||   138
       Punch             |       |       |     1 ||     1
Throw: Dart              |       |       |    15 ||    15
Invok: Stomp             |       |     4 |     6 ||    10
  Use: Scroll            |     4 |     7 |     2 ||    13
       Potion            |       |     2 |     2 ||     4
 Stab: Sleeping          |     9 |     8 |     2 ||    19
       Paralysed         |       |     2 |       ||     2
Armor: Robe              |     5 |       |       ||     5
       Ring mail         |    17 |    45 |    57 ||   119
Dodge: Dodged            |    34 |    80 |    53 ||   167
